 Dungeon Crawl Stone Soup version 0.17.1-2-g5865329 (webtiles) character file.

280 inmateoo the Charmwright (level 6, -7/32 HPs)
             Began as a Vine Stalker Skald on Feb 4, 2016.
             Killed from afar by seren's ghost (23 damage)
             ... with a bolt of negative energy
             ... on level 4 of the Dungeon.
             The game lasted 00:04:15 (2326 turns).

inmateoo the Charmwright (Vine Stalker Skald)       Turns: 2326, Time: 00:04:16

Health: -7/32      AC:  4    Str: 15    XL:     6   Next: 27%
Magic:  0/11       EV: 11    Int: 12    God:
Gold:   136        SH:  0    Dex: 15    Spells: 4 memorised, 3 levels left

rFire  + . .     SeeInvis +     a - +0 falchion
rCold  . . .     Clarity  .     b - +0 leather armour
rNeg   . . .     SustAt   .     (no shield)
rPois  .         Gourm    .     l - +0 helmet
rElec  .         Spirit   +     (no cloak)
rCorr  .         Warding  .     (no gloves)
rMut   .         Stasis   .     (no boots)
MR     .....                    (no amulet)
Stlth  +.........               m - ring of protection from fire
                                k - ring of see invisible (curse)

@: infused, drained, not resistant to hostile enchantments, very unstealthy
A: fangs 2, regeneration 2, magic shield, antimagic bite, no device heal 3, rot
immunity
a: no special abilities


You were on level 4 of the Dungeon.
You were hungry.

You visited 1 branch of the dungeon, and saw 4 of its levels.

You collected 136 gold pieces.

Inventory:

Hand Weapons
 a - a +0 falchion (weapon)
 g - a +1 dagger of freezing
Armour
 b - a +0 leather armour (worn)
 l - a +0 helmet (worn)
Jewellery
 k - a cursed ring of see invisible (left hand)
 m - a ring of protection from fire (right hand)
Scrolls
 n - a scroll of enchant weapon {unknown}
 o - 2 scrolls of identify
Potions
 e - 3 potions of flight
 h - 6 potions of curing
 i - a potion of agility
 j - a potion of ambrosia {unknown}
 p - a potion of mutation {unknown}
Books
 c - a book of Battle

   Spells                             Type                      Level
   a - Infusion                       Charms                       1
   b - Shroud of Golubria             Charms/Translocation         2
   c - Song of Slaying                Charms                       2
   d - Spectral Weapon                Hexes/Charms                 3
   e - Regeneration                   Charms/Necromancy            3
Comestibles
 d - 4 bread rations
 f - a meat ration


   Skills:
 + Level 2.6(2.0) Fighting
 * Level 3.3(2.7) Long Blades
 + Level 2.0(1.5) Armour
 + Level 1.9(1.3) Dodging
 + Level 3.1(2.5) Spellcasting
 + Level 3.7(3.1) Charms


You had 3 spell levels left.
You knew the following spells:

 Your Spells              Type           Power        Failure   Level  Hunger
a - Infusion              Chrm           #.....       12%         1    #......
b - Song of Slaying       Chrm           #.......     14%         2    ###....
c - Shroud of Golubria    Chrm/Tloc      #.........   28%         2    ###....
d - Regeneration          Chrm/Necr      #.........   56%         3    ###....


Dungeon Overview and Level Annotations

Branches:
Dungeon (4/15)
 Temple: D:4-7

Altars:
Vehumet
The Shining One

Annotations:
D:4 seren's ghost, novice DrCj


Innate Abilities, Weirdness & Mutations

You have extremely sharp teeth.
You heal very quickly.
When hurt, damage is shared between your health and your magic reserves.
Your bite disrupts and absorbs the magic of your enemies.
Potions and wands cannot restore your health.
You are immune to rotting.


Message History

You drain its magic.
You feel invigorated.
Seren's ghost is lightly damaged.
Seren's ghost points at you and mumbles some strange words.
The magic dart hits you!
You hit seren's ghost but do no damage. Your bite misses seren's ghost.
Seren's ghost is lightly damaged.
Seren's ghost hits you but does no damage.
You barely miss seren's ghost. Your bite misses seren's ghost.
Seren's ghost is lightly damaged.
Seren's ghost hits you!
You hit seren's ghost.
Seren's ghost is lightly damaged.
Seren's ghost gestures at you while chanting.
The magic dart hits you!
You hit seren's ghost. Your bite misses seren's ghost.
Seren's ghost is lightly damaged.
Seren's ghost breathes negative energy at you.
The bolt of negative energy hits you!
You feel drained.
Ouch! That really hurt!
You die...

.(.. ##..#####
#.......########
#...............
#..####.##########
#..# #.# #....<#
#..# #.# #.#####
#..####W# #.#
#.....@.# #.#
##.###### #.#
#.#########.##
#............#
##############


You could see seren's ghost.

Vanquished Creatures
  Sigmund (D:2)
  2 orc wizards (D:3)
  An ooze (D:1)
  2 worms
  3 orcs (D:3)
  6 bats
  6 hobgoblins
  2 jackals (D:2)
  13 kobolds
  3 giant geckos
  3 giant newts
  9 goblins
  8 rats
59 creatures vanquished.

Notes
Turn   | Place    | Note
--------------------------------------------------------------
     0 | D:1      | inmateoo the Vine Stalker Skald began the quest for the Orb.
     0 | D:1      | Reached XP level 1. HP: 11/11 MP: 4/4
    22 | D:1      | Reached skill level 1 in Dodging
    51 | D:1      | Reached skill level 1 in Armour
    55 | D:1      | Reached XP level 2. HP: 12/15 MP: 6/6
   761 | D:1      | Reached XP level 3. HP: 16/18 MP: 7/7
  1140 | D:2      | Noticed Sigmund
  1158 | D:2      | Killed Sigmund
  1158 | D:2      | Reached XP level 4. HP: 10/23 MP: 0/9
  1158 | D:2      | Reached XP level 5. HP: 11/27 MP: 0/10
  1174 | D:2      | Learned a level 2 spell: Song of Slaying
  1177 | D:2      | Learned a level 2 spell: Shroud of Golubria
  1613 | D:3      | Found a radiant altar of Vehumet.
  1701 | D:3      | Learned a level 3 spell: Regeneration
  1863 | D:3      | Gained mutation: You heal very quickly. [Vine Stalker growth]
  1863 | D:3      | Reached XP level 6. HP: 23/32 MP: 11/11
  1908 | D:3      | Found a glowing golden altar of the Shining One.
  2307 | D:4      | Noticed seren's ghost (novice DrCj)
  2326 | D:4      | Killed from afar by seren's ghost

Action                   |  1- 3 |  4- 6 || total
-------------------------+-------+-------++-------
Melee: Falchion          |    99 |    86 ||   185
 Cast: Infusion          |     1 |     1 ||     2
  Use: Scroll            |     3 |     1 ||     4
 Stab: Sleeping          |     1 |     2 ||     3
  Eat: Chunk             |     1 |     3 ||     4
